[Event "EU-ch 12th"]
[Site "Aix les Bains"]
[Date "2011.03.23"]
[Round "2"]
[White "Kobalia, Mihail"]
[Black "Sanikidze, Tornike"]
[Result "1-0"]
[ECO "B65"]
[WhiteElo "2672"]
[BlackElo "2542"]
[Annotator "Marchand,A/Primel,D"]
[PlyCount "79"]
[EventDate "2011.03.22"]
[EventType "swiss"]
[EventRounds "11"]
[EventCountry "FRA"]
[SourceTitle "CBM 142 Extra"]
[Source "ChessBase"]
[SourceDate "2011.06.27"]
[SourceVersion "1"]
[SourceVersionDate "2011.06.27"]
[SourceQuality "1"]
[TimeControl "40/5400+30:1800+30"]

1. e4 c5 2. Nf3 d6 3. d4 cxd4 4. Nxd4 Nf6 5. Nc3 Nc6 6. Bg5 e6 7. Qd2 Be7 (7...
a6) 8. O-O-O Nxd4 9. Qxd4 O-O 10. f4 Qa5 11. e5 $1 {Malgré l'échange des Q qui
va suivre, il n'est pas facile pour les Noirs d'égaliser} (11. Bc4) (11. Kb1)
11... dxe5 12. Qxe5 Qxe5 13. fxe5 Nd5 14. Bxe7 Nxe7 15. Bd3 $32 b6 16. Be4 Rb8
17. Rhe1 (17. Nb5 Bb7 18. Rhe1 Bxe4 19. Rxe4 Rb7 20. Ra4 $36 {[%csl Rb7];
Smirnov,P (2592)-Armbrust,F (2306) Pardubice Chladek&Tintera op-A 19th 2008 (1)
1-0}) 17... Bb7 18. Nb5 (18. Rd7 $5 Bxe4 19.
Rxe4 Nc6 20. Nb5 Rfd8 21. Rd6 Rbc8 22. Rc4 Nxe5 23. Rxc8 Rxc8 24. Nxa7 Rb8 25.
Nc6 $1 {La finale de R est agréable а jouer pour les Blancs} Nxc6 26. Rxc6 g5
27. a4 $14 {Sadvakasov,D (2619)-Miroshnichenko,E (2608) Dubai op 08th 2006 (6)
1-0}) 18... Bxe4 19. Rxe4 Rb7 20. Ra4 $1 Nc6 21. Rd6 Nxe5 22. Rxa7 Rxa7 23.
Nxa7 Nc4 $146 (23... Rb8 24. Nc6 Nxc6 25. Rxc6 g6 26. c4 Rb7 27. Kc2 Kf8 28.
Kc3 Ke7 29. Kb4 e5 30. g4 e4 31. Kc3 Rd7 32. c5 bxc5 33. Rxc5 Ke6 34. g5 Rd3+
35. Kc2 Rh3 36. a4 Rxh2+ 37. Kc3 h6 38. a5 {Cihelashvili-Lisenko,A/Riga 1968/
MCD/1/2-1/2 (55)}) 24. Rc6 Ne3 25. Rxb6 (25.
g3 g5 ) 25... Nxg2 26. Nc6 {Début de la course de vitesse mais
les pièces Blanches sont mieux coordonnées pour soutenir la majorité а
l'aile-dame} f5 27. Ne5 (27. Rb8 $5 {[%csl Ga2,Rg2][%cal Ga2a8]
Peut-être plus simple car le Ng2 sera mal placé pour lutter contre le P"a"}
Rxb8 28. Nxb8 Kf7 (28... f4 29. a4 Ne3 (29... f3 30. Kd2) 30. Kd2) 29. a4 Ke7 (
29... Kf6 30. a5) 30. a5 Kd6 31. a6 Kc7 32. Nd7 Ne3 33. Kd2 f4 34. Nc5 Kb6 35.
Nxe6 (35. b4 e5) 35... Kxa6 36. Nxg7 Nc4+ 37. Ke2 Nxb2 38. Kf3 Kb5 39. Kxf4 Kc5
40. Kg5 Nd1 41. Kh6 Kd6 42. Kxh7 $18) 27... f4 28. Nf3 g5 $6 (
28... Re8 29. Ne5 g5 $132) (28... Kf7) 29. h3 Ne3 (29... e5 30. Re6 (30. Nxe5
$2 f3)) 30. Rxe6 Ra8 31. Nxg5 Rxa2 32. Rf6 Nd5 $2 (32... Nc4 ) 33. Rf5 $18 Ra5 34. Ne6 h6 35. Nxf4 Ra1+ 36. Kd2 Ne7 37. Rf6 Rf1
38. Nd5 Rxf6 39. Nxf6+ Kf7 40. Ne4 1-0